 Dungeon Crawl Stone Soup version 0.13-a0-1693-g8ac13c1 (webtiles) character file.

2177 Duskembrace the Covert (level 8, -3/52 HPs)
             Began as a Vampire Enchanter on June 20, 2013.
             Was an Initiate of Kikubaaqudgha.
             Shot with an arrow by a centaur (12 damage)
             ... on Level 7 of the Dungeon.
             The game lasted 00:36:28 (7565 turns).

Duskembrace the Covert (Vampire Enchanter)          Turns: 7565, Time: 00:36:28

HP  -3/52        AC  6     Str  8      XL: 8   Next: 99%
MP  18/18        EV 14     Int 18      God: Kikubaaqudgha [......]
Gold 226         SH  0     Dex 14      Spells:  3 memorised,  9 levels left

Res.Fire  : + . .   See Invis. : +   A - +0,+1 dagger (venom) (curse)
Res.Cold  : + + .   Warding    : .   y - +2 elf robe
Life Prot.: + + +   Conserve   : .   (no shield)
Res.Poison: +       Res.Corr.  : .   (no helmet)
Res.Elec. : .       Clarity    : .   u - +0 cloak
Sust.Abil.: . .     Spirit.Shd : .   j - +0 pair of elf gloves
Res.Mut.  : .       Stasis     : +   r - -1 pair of boots
Res.Rott. : +       Flight     : .   E - amulet of stasis {unknown}
Saprovore : . . .                    J - ring of protection from fire {unknown}
                                     g - ring of sustenance

@: non-regenerating, somewhat resistant to hostile enchantments, extremely
stealthy
A: bottle blood, fangs 3, see invisible, unbreathing
a: Bat Form, Bottle Blood, Renounce Religion


You were on level 7 of the Dungeon.
You worshipped Kikubaaqudgha.
Kikubaaqudgha was noncommittal.
You were bloodless.

You visited 2 branches of the dungeon, and saw 8 of its levels.

You collected 231 gold pieces.
You spent 25 gold pieces at shops.

Inventory:

Hand weapons
 a - a +1,+1 dagger {=f}
 k - a +4,+1 elven short sword
 v - a +1,+1 dwarven short sword
 A - a cursed +0,+1 dagger of venom (weapon)
 B - a +0,+0 short sword of draining
 N - a +0,+2 orcish short sword of draining
 O - a +3,+2 orcish dagger
Missiles
 d - 33 darts (quivered)
Armour
 j - a +0 pair of elven gloves (worn)
 r - a -1 pair of boots (worn)
 u - a +0 cloak (worn)
 x - a +2 pair of dwarven gauntlets
 y - a +2 elven robe (worn)
 M - a +2 robe of magic resistance
Magical devices
 q - a wand of confusion (4) {unknown}
 t - a wand of enslavement (13) {unknown}
 z - a wand of magic darts (11) {unknown}
 C - a wand of flame (18)
Scrolls
 e - 3 scrolls of blinking {unknown}
 f - 3 scrolls of remove curse
 h - 4 scrolls of identify {unknown}
 i - 2 scrolls of teleportation {unknown}
 n - 2 scrolls of enchant weapon II {unknown}
 s - 3 scrolls of magic mapping {unknown}
 w - 6 scrolls of noise {unknown}
 G - 2 scrolls of enchant weapon I {unknown}
 H - a scroll of fog {unknown}
 L - a scroll of immolation {unknown}
 P - 2 scrolls of random uselessness {unknown}
 Q - a scroll of silence {unknown}
Jewellery
 g - a ring of sustenance (left hand)
 l - an uncursed amulet of resist corrosion {unknown}
 E - an amulet of stasis (around neck) {unknown}
 J - a ring of protection from fire (right hand) {unknown}
Potions
 b - a potion of might {unknown}
 m - 4 potions of heal wounds {unknown}
 o - a potion of poison {unknown}
 p - 5 potions of curing {unknown}
 D - a potion of restore abilities {unknown}
 F - a potion of slowing {unknown}
 I - a potion of magic {unknown}
 K - a potion of cure mutation {unknown}
Books
 c - a book of Maledictions

   Spells                             Type                      Level
   *Corona                            Hexes                        1
   Sure Blade                         Hexes/Charms                 2
   *Ensorcelled Hibernation           Hexes/Ice                    2
   *Confuse                           Hexes                        3
   Enslavement                        Hexes                        4
   Invisibility                       Hexes                        6


   Skills:
 + Level 0.8 Fighting
 + Level 2.4 Short Blades
 + Level 1.0 Throwing
 + Level 3.8 Dodging
 + Level 10.2 Stealth
 + Level 1.0 Traps
 + Level 4.2 Spellcasting
 + Level 8.1 Hexes
 + Level 4.0 Ice Magic


You had 9 spell levels left.
You knew the following spells:

 Your Spells              Type           Power        Failure   Level  Hunger
a - Corona                Hex            ####...      1%          1    None
b - Ensorcelled Hibernat  Hex/Ice        ####..       1%          2    #......
c - Confuse               Hex            ####....     1%          3    ###....


Dungeon Overview and Level Annotations

Branches:
Dungeon (7/27)             Temple (1/1) D:7             Orc (0/4) D:6

Altars:
Cheibriados
Elyvilon
Fedhas
Kikubaaqudgha
Makhleb
Nemelex Xobeh
Okawaru
Sif Muna
Trog
Vehumet
Xom
Yredelemnul
the Shining One

Shops:
D:4: ((([

Annotations
D:6 Elizilla's ghost, experienced TrMo
D:7 Eustachio


Innate Abilities, Weirdness & Mutations

You do not heal naturally.
You can bottle blood from corpses.
You have razor-sharp teeth.*
You have supernaturally acute eyesight.
You can survive without breathing.*


Message History

The centaur is heavily wounded.
The centaur hits you.
Eustachio gestures wildly while chanting.
The centaur hits you but does no damage.
You hit the centaur but do no damage. You bite the centaur, but do no damage.
The centaur is heavily wounded.
The centaur hits you but does no damage.
The centaur wields an uncursed bow.
The centaur shoots an arrow.
The arrow hits you!
You see here 2 arrows.
The centaur shoots an arrow.
The arrow hits you!
You see here an arrow.
The centaur shoots an arrow.
The arrow hits you!
* * * LOW HITPOINT WARNING * * *
You see here an arrow.
Eustachio casts a spell.
Eustachio blinks!
The centaur shoots an arrow.
The arrow misses you.
The centaur shoots an arrow.
The arrow hits you!
You die...
Kikubaaqudgha rasps: "You have failed me!
Welcome... oblivion!"

..%....)....... ....
....................
...................#
###...####.#### #..# #...#
#.# #(.# #...# #.# #..#
###...# #<# #(.#####.
......####.######.........
............>...@.........
..........#######.######..
#########.# #(# # #.# #(#
# #.# #c# # #.# #5# # #.#
#r######.. # #.#
#rr....... # #.#
#.........


You could see a centaur, a crimson imp, a green rat, a quokka and a rat.

Vanquished Creatures
  Menkaure (D:7)
  The ghost of buffalo66 the Firebug, an average DEFE (D:4)
  2 phantoms (D:5)
  A sky beast (D:6)
  2 ogres
  4 giant frogs
  5 wights (D:6)
  An ogre zombie (D:5)
  2 crimson imps (D:5)
  An orc priest (D:6)
  Crazy Yiuf (D:2)
  3 hounds
  3 orc wizards
  3 worker ants
  Jessica (D:2)
  2 jellies
  Terence (D:1)
  3 gnolls (D:3)
  An inept item mimic (D:2)
  10 adders
  2 giant mites
  2 worms (D:3)
  An adder skeleton (D:5)
  2 giant eyeballs
  8 giant geckos
  An ooze (D:3)
  16 orcs
  11 giant cockroaches
  15 goblins
  6 hobgoblins
  3 jackals (D:5)
  3 quokkas
  4 training dummies (D:5)
  3 ball pythons
  12 bats
  4 giant newts
  A giant spore (D:6)
  A goblin skeleton (D:5)
  A goblin zombie (D:3)
  A hobgoblin zombie (D:5)
  13 kobolds
  An orc skeleton (D:7)
  9 rats
  A rat zombie (D:6)
  A ballistomycete (D:6)
170 creatures vanquished.

Vanquished Creatures (others)
  3 goblins
  A kobold (D:6)
4 creatures vanquished.

Grand Total: 174 creatures vanquished

Notes
Turn   | Place    | Note
--------------------------------------------------------------
     0 | D:1      | Duskembrace, the Vampire Enchanter, began the quest for the Orb.
     0 | D:1      | Reached XP level 1. HP: 13/13 MP: 4/4
   222 | D:1      | Reached skill level 5 in Hexes
   233 | D:1      | Reached XP level 2. HP: 10/19 MP: 5/5
   261 | D:1      | Learned a level 2 spell: Ensorcelled Hibernation
  1109 | D:1      | Reached XP level 3. HP: 20/24 MP: 1/6
  1528 | D:2      | Noticed Terence
  1553 | D:1      | Killed Terence
  1635 | D:2      | Noticed Jessica
  1653 | D:2      | Killed Jessica
  1653 | D:2      | Reached skill level 1 in Ice Magic
  1653 | D:2      | Reached XP level 4. HP: 26/30 MP: 2/8
  2079 | D:2      | Noticed Crazy Yiuf
  2093 | D:2      | Killed Crazy Yiuf
  2093 | D:2      | Reached skill level 5 in Stealth
  2214 | D:3      | Reached XP level 5. HP: 35/35 MP: 4/9
  2294 | D:2      | Learned a level 3 spell: Confuse
  2706 | D:3      | Found a basalt altar of Yredelemnul.
  3109 | D:3      | Reached skill level 6 in Stealth
  3563 | D:4      | Found Shruer's Antique Armour Shop.
  3572 | D:4      | Reached XP level 6. HP: 41/41 MP: 7/12
  3617 | D:4      | Bought an elven robe for 25 gold pieces
  3653 | D:4      | Noticed buffalo66's ghost (average DEFE)
  3670 | D:4      | Killed buffalo66's ghost
  3670 | D:4      | Reached skill level 7 in Stealth
  3717 | D:4      | Found Gaogroil's Weapon Shoppe.
  3782 | D:4      | Found Manuinup's Weapon Boutique.
  4030 | D:4      | Noticed an ogre
  4057 | D:4      | Reached XP level 7. HP: 21/46 MP: 11/14
  4060 | D:4      | Killed an ogre
  4257 | D:4      | Found a white marble altar of Elyvilon.
  4268 | D:4      | Found Meape's Antique Weapon Boutique.
  4271 | D:4      | Reached skill level 8 in Stealth
  4485 | D:5      | Entered Level 5 of the Dungeon
  4585 | D:5      | Found an iron altar of Okawaru.
  4924 | D:5      | Found a radiant altar of Vehumet.
  5241 | D:5      | Reached skill level 9 in Stealth
  5440 | D:6      | Reached XP level 8. HP: 42/52 MP: 12/17
  5507 | D:6      | Found a staircase to the Orcish Mines.
  5542 | D:6      | Found a snail-covered altar of Cheibriados.
  6569 | D:6      | Reached skill level 1 in Throwing
  6569 | D:6      | Reached skill level 10 in Stealth
  6827 | D:6      | Noticed Elizilla's ghost (experienced TrMo)
  7069 | D:5      | Reached skill level 1 in Traps
  7432 | D:7      | Found a staircase to the Ecumenical Temple.
  7432 | D:7      | Noticed Menkaure
  7443 | D:7      | Killed Menkaure
  7447 | Temple   | Entered the Ecumenical Temple
  7468 | Temple   | Became a worshipper of Kikubaaqudgha
  7546 | D:7      | Noticed Eustachio
  7565 | D:7      | Shot with an arrow by a centaur

Action                   |  1- 3 |  4- 6 |  7- 9 || total
-------------------------+-------+-------+-------++-------
Melee: Dagger            |    98 |   123 |   195 ||   416
       Short sword       |       |       |    13 ||    13
Throw: Dart              |       |       |     1 ||     1
 Cast: Corona            |     4 |       |       ||     4
       Ensorcelled Hiber |    23 |    51 |    55 ||   129
       Confuse           |       |     3 |    34 ||    37
 Abil: End Transformatio |       |       |     1 ||     1
       Bat Form          |       |       |     1 ||     1
  Use: Scroll            |       |       |     1 ||     1
 Stab: Sleeping          |    19 |    51 |    52 ||   122
       Confused          |       |     2 |    10 ||    12
